 Dungeon Crawl Stone Soup version 0.27-a0-1319-geec4fb4e21 (webtiles) character file.

Game seed: 8967656403196400735

35 Kold the Shield-Bearer (level 3, -4/34 HPs)
             Began as a Gargoyle Fighter on June 21, 2021.
             Slain by Sigmund (6 damage)
             ... on level 2 of the Dungeon.
             The game lasted 00:01:25 (970 turns).

Kold the Shield-Bearer (Gargoyle Fighter)            Turns: 970, Time: 00:01:25

Health: -4/34      AC: 21    Str: 19    XL:     3   Next: 35%
Magic:  3/3        EV:  2    Int:  8    God:
Gold:   68         SH:  9    Dex: 10    Spells: 2/2 levels left

rFire    . . .     SeeInvis .   a - +0 flail
rCold    . . .     Faith    .   c - +0 kite shield
rNeg     + + +     Spirit   .   (armour currently unavailable)
rPois    ∞         Reflect  .   (helmet currently unavailable)
rElec    .         Harm     .   (cloak currently unavailable)
rCorr    .         Rampage  .   (gloves currently unavailable)
Will     .....     NoTele   +   (boots currently unavailable)
Stlth    +.........             (no amulet)
HPRegen  0.11/turn              (no ring)
MPRegen  0.08/turn              (no ring)

@: mighty, tree-form
A: stationary, stasis, torment immunity, boosted hp, sickness immunity, AC +3,
negative energy resistance 1, (electricity resistance), torment resistance 1,
petrification resistance
a: no special abilities


You were on level 2 of the Dungeon.
You were a tree.
You visited 1 branch of the dungeon, and saw 2 of its levels.

You collected 68 gold pieces.

Inventory:

Hand Weapons
 a - a +0 flail (weapon)
Armour
 b - a +0 scale mail (melded)
 c - a +0 kite shield (worn)
Scrolls
 f - a scroll of magic mapping {unknown}
 g - a scroll of immolation {unknown}
Potions
 d - a potion of might


   Skills:
 - Level 3.2 Fighting
 * Level 3.2 Maces & Flails
 - Level 3.2 Armour
 + Level 3.8 Shields


You had 2 spell levels left.
You didn't know any spells.
Your spell library was empty.

Dungeon Overview and Level Annotations

Branches:
Dungeon (2/15)

Altars:

Annotations:
D:2 Sigmund


Innate Abilities, Weirdness & Mutations

You are a tree.
Your roots penetrate the ground, keeping you stationary.
You cannot be teleported.
You are immune to unholy pain and torment.
Your maximum health is greatly increased.
Your equipment is partially melded.
You are immune to sickness and miasma.
((Your stone body is resilient. (AC +3)))
You are immune to poison.
You resist negative energy. (rN+)
((You are resistant to electric shocks. (rElec)))
You are resistant to unholy torment.
You are immune to petrification.


Message History

You are too injured to fight recklessly!
You are too injured to fight recklessly!
You sock Sigmund!
Sigmund is moderately wounded.
You block Sigmund's attack.
You barely miss Sigmund.
Sigmund is moderately wounded.
Sigmund barely misses you. Sigmund gestures at you while chanting.
You are confused.
Sigmund hits you from afar with a +2 scythe of protection.
Sigmund hits you with a +2 scythe of protection.
Sigmund hits you from afar with a +2 scythe of protection.
* * * LOW HITPOINT WARNING * * *
You see here a rat corpse.
It was a potion of lignification.
You turn into a tree.
Your +0 scale mail melds into your body.
Your roots penetrate the ground.
Sigmund casts a spell at you.
You are more confused.
You feel very mighty all of a sudden.
Sigmund hits you from afar with a +2 scythe of protection.
* * * LOW HITPOINT WARNING * * *
You are too confused!
Sigmund hits you but does no damage.
You cannot move. (Use ctrl+direction or * direction to attack without moving.) Sigmund casts a spell at you.
You resist with significant effort.
Sigmund laughs darkly.
Sigmund hits you but does no damage. Sigmund casts a spell at you.
You resist with significant effort.
Sigmund hits you from afar with a +2 scythe of protection.
* * * LOW HITPOINT WARNING * * *
You feel less confused. Sigmund casts a spell at you.
You resist with significant effort.
Sigmund says, "You will soon forget everything."
Sigmund hits you from afar with a +2 scythe of protection.
You die...

#.# #..... #.# #..#..
#.# #..#.# #.# #..#.##
#.######## #..#.. . ####
.....)...# #..#b# ...
..#
#.####...####..#@###...#
#.#
#.##....†..##...........
#<#
#.....).........♣......#
#.#
####......[##.†........#
#..
##.............#.####..#
#b.. .#.###.........).#
.# #.... .#.
########.##.# #.#.# #
#.##.# ..... #[##..
..... #$...##


You could see Sigmund and a bat.

Vanquished Creatures
  A dart slug (D:1)
  2 bats
  An endoplasm (D:1)
  2 giant cockroaches (D:1)
  3 goblins
  2 hobgoblins (D:1)
  2 jackals (D:1)
  4 kobolds
  2 quokkas (D:1)
  5 ball pythons (D:1)
  2 frilled lizards
  5 rats
31 creatures vanquished.

Notes
Turn   | Place    | Note
-------+----------+-------------------------------------------
     0 | D:1      | Kold the Gargoyle Fighter began the quest for the Orb.
     0 | D:1      | Reached XP level 1. HP: 14/14 MP: 1/1
   225 | D:1      | Reached XP level 2. HP: 19/19 MP: 2/2
   389 | D:1      | Reached XP level 3. HP: 23/23 MP: 3/3
   581 | D:1      | Found a faded altar of an unknown god.
   953 | D:2      | Noticed Sigmund
   970 | D:2      | Slain by Sigmund

Illustrated notes

Levels and vault maps discovered:
D:1:      dpeg_arrival_stonehenge_8_columns, layout_basic,
          chequers_ecumenical_altar_simple, moated_statue,
          kennysheep_decorative_pillar
D:2:      layout_loops_ring, basic_altar, serial_glass, glass_columns_b,
          glass_columns_a, uniq_sigmund

Skill      XL: |  1  2 |
---------------+-------+-----
Maces & Flails | 3 |  3.2
Fighting       | |  3.2
Armour         | |  3.2
Shields        | |  3.8

Action                   || total
-------------------------++-------
Melee: Flail             ||    91
  Use: Potion            ||     2
Armor: Scale mail        ||    63
       Skin              ||     2
Dodge: Dodged            ||    37
Block: Kite shield       ||    57

Table legend: (Time is in decaauts)
 A = Elapsed time spent in this place.
 B = Non-inter-level travel time spent in this place.
 C = Inter-level travel time spent in this place.
 D = Time resting spent in this place.
 E = Time spent auto-exploring this place.
 F = Levels seen in this place.
 G = Mean time per level.
                   A        B        C        D        E       F      G
               +--------+--------+--------+--------+--------+-----+--------+
         Total |   1017 |    968 |     49 |    136 |    600 |   2 |  508.5 |
       Dungeon |   1017 |    968 |     49 |    136 |    600 |   2 |  508.5 |
               +--------+--------+--------+--------+--------+-----+--------+

Top non-repeatable levels by time:
     D:1: 900 daAuts
     D:2: 116 daAuts
